[Event "ICC tourney 2460 (45 10)"]
[Site "Internet Chess Club"]
[Date "2021.03.20"]
[Round "1"]
[White "KRYLOV, RATISLAV:RatislavK"]
[Black "ZHU, FLORINA:Florina12345"]
[Result "0-1"]
[ICCResult "White checkmated"]
[WhiteElo "1482"]
[BlackElo "1381"]
[Opening "Evans gambit"]
[ECO "C52"]
[NIC "IG.05"]
[Time "11:01:47"]
[PlyCount "32"]
[TimeControl "2700+10"]

1. e4 e5 2. Nf3 Nc6 3. Bc4 Bc5 4. b4 Bxb4 5. c3 Ba5 6. d4 exd4 7. O-O Nge7
8. Ng5 Ne5 9. Bb3 h6 10. Qxd4 N7c6 11. Qd5 hxg5 12. f4 Bb6+ 13. Kh1 Qf6 14.
Na3 Rxh2+ 15. Kxh2 Qh6+ 16. Kg3 Qh4# { White checkmated } 0-1

[Event "ICC tourney 2460 (45 10)"]
[Site "Internet Chess Club"]
[Date "2021.03.20"]
[Round "1"]
[White "VIDENA, DANIEL TUAPEN:Davide25"]
[Black "Sheppard, Henry Saadi:henrysaadi"]
[Result "1-0"]
[ICCResult "Black resigns"]
[WhiteElo "1544"]
[BlackElo "1388"]
[Opening "QGD: 4.Bg5 Be7"]
[ECO "D53"]
[NIC "QO.13"]
[Time "11:01:58"]
[PlyCount "121"]
[TimeControl "2700+10"]

1. d4 d5 2. c4 e6 3. Nc3 Nf6 4. Bg5 Be7 5. e3 h6 6. Bh4 Nbd7 7. Nf3 Ne4 8.
Bxe7 Qxe7 9. Qc2 Nxc3 10. Qxc3 O-O 11. cxd5 exd5 12. Qxc7 Qb4+ 13. Qc3 Qb6
14. Bd3 Nf6 15. O-O Be6 16. Rfc1 Rfc8 17. Qb3 Ne4 18. Rxc8+ Rxc8 19. Qxb6
axb6 20. Kf1 Bf5 21. Ke2 Nd6 22. Bxf5 Nxf5 23. Kd3 f6 24. Ng1 g5 25. Ne2
Kf7 26. Nc3 Ke6 27. Re1 Nd6 28. b3 f5 29. f3 Ra8 30. e4 fxe4+ 31. fxe4
dxe4+ 32. Nxe4 Nxe4 33. Rxe4+ Kd6 34. a4 Rf8 35. Re5 Rf2 36. Re2 Rxe2 37.
Kxe2 Kd5 38. Kd3 h5 39. g3 h4 40. gxh4 gxh4 41. h3 Kd6 42. Kc4 Kc6 43. d5+
Kd6 44. Kd4 Kd7 45. b4 Kd6 46. Kc4 Kc7 47. Kb5 Kd6 48. Kxb6 Kxd5 49. Kxb7
Ke4 50. a5 Kf3 51. a6 Kg3 52. a7 Kxh3 53. a8=Q Kg2 54. Qa2+ Kh3 55. Qg8 Kh2
56. Kc6 h3 57. b5 Kh1 58. b6 h2 59. Qh7 Kg2 60. Qxh2+ Kxh2 61. b7 { Black
resigns } 1-0

[Event "ICC tourney 2460 (45 10)"]
[Site "Internet Chess Club"]
[Date "2021.03.20"]
[Round "1"]
[White "ZHOU, GREG:joeandjoe28"]
[Black "Xiao, Michael:michaelxiao"]
[Result "0-1"]
[ICCResult "White checkmated"]
[WhiteElo "1422"]
[BlackElo "1332"]
[Opening "French: Tarrasch, open, 4.ed ed"]
[ECO "C08"]
[NIC "FR.20"]
[Time "11:02:48"]
[PlyCount "56"]
[TimeControl "2700+10"]

1. e4 e6 2. d4 d5 3. Nd2 c5 4. exd5 exd5 5. Bb5+ Nc6 6. Bxc6+ bxc6 7. Ne2
Nf6 8. c3 c4 9. O-O Bd6 10. Re1 O-O 11. Nf3 Bg4 12. Ng3 Bxg3 13. hxg3 Ne4
14. Qa4 Qb6 15. Ne5 Bh5 16. Nd7 Qb7 17. Nxf8 Rxf8 18. Re3 f5 19. b3 f4 20.
gxf4 Rxf4 21. f3 Nd6 22. Re6 Rxf3 23. gxf3 Qd7 24. Re1 Qh3 25. Bf4 Bxf3 26.
Re2 Qh1+ 27. Kf2 Qg2+ 28. Ke3 Qxe2# { White checkmated } 0-1

[Event "ICC tourney 2460 (45 10)"]
[Site "Internet Chess Club"]
[Date "2021.03.20"]
[Round "1"]
[White "Xia, Joshua:MathMonkey"]
[Black "Xiao, Marina:marinaxiao"]
[Result "0-1"]
[ICCResult "White checkmated"]
[WhiteElo "1383"]
[BlackElo "1484"]
[Opening "Sicilian: Pelikan, Chelyabinsk variation"]
[ECO "B33"]
[NIC "SI.37"]
[Time "11:02:50"]
[PlyCount "80"]
[TimeControl "2700+10"]

1. e4 c5 2. Nf3 Nc6 3. d4 cxd4 4. Nxd4 Nf6 5. Nc3 e5 6. Ndb5 d6 7. Bg5 a6
8. Na3 b5 9. Nd5 Be7 10. Bxf6 Bxf6 11. c3 O-O 12. Nc2 Bg5 13. Be2 Ne7 14.
Ncb4 a5 15. Nxe7+ Qxe7 16. Nd5 Qb7 17. O-O Be6 18. Bd3 Kh8 19. Qh5 Bh6 20.
Nf6 Qe7 21. Nd5 Bxd5 22. exd5 Rab8 23. h4 e4 24. Rae1 f5 25. g4 Bd2 26. Re2
g6 27. Rxd2 gxh5 28. Re1 Qxh4 29. Bf1 Qxg4+ 30. Bg2 Rg8 31. f3 exf3 32. b3
Qh3 33. Ree2 fxe2 34. Rxe2 Qf3 35. Rf2 Qe3 36. Kf1 Rbe8 37. Kg1 Qe1+ 38.
Rf1 Qg3 39. Rf2 Re1+ 40. Rf1 Qxg2# { White checkmated } 0-1

[Event "ICC tourney 2460 (45 10)"]
[Site "Internet Chess Club"]
[Date "2021.03.20"]
[Round "1"]
[White "GONG, JONATHAN YICHENG:Theutltl"]
[Black "SAXENA, VIHAAN:vihaan2011"]
[Result "1-0"]
[ICCResult "Black resigns"]
[WhiteElo "1463"]
[BlackElo "1341"]
[Opening "Giuoco Pianissimo"]
[ECO "C55"]
[NIC "IG.01"]
[Time "11:02:08"]
[PlyCount "63"]
[TimeControl "2700+10"]

1. e4 e5 2. Nf3 Nc6 3. Bc4 Nf6 4. d3 Bc5 5. c3 d6 6. O-O O-O 7. b4 Bb6 8.
a4 a6 9. Nbd2 Ne7 10. h3 Ng6 11. Re1 h6 12. Nf1 Re8 13. Be3 Bxe3 14. Nxe3
Nf4 15. Qb3 Be6 16. Bxe6 Rxe6 17. Rad1 c6 18. Nc4 Qc7 19. a5 Rd8 20. Qc2
Ng6 21. d4 Rde8 22. dxe5 Nxe5 23. Nfxe5 dxe5 24. Rd2 Rd8 25. Red1 Rxd2 26.
Rxd2 Kf8 27. Qd3 Ke7 28. f3 Ne8 29. Nb6 Rd6 30. Qe3 Rxd2 31. Qxd2 Qd6 32.
Nc8+ { Black resigns } 1-0

[Event "ICC tourney 2460 (45 10)"]
[Site "Internet Chess Club"]
[Date "2021.03.20"]
[Round "1"]
[White "LAW, HANS CHI:hanslaw"]
[Black "SPERBER, JACOB:jacobsperber"]
[Result "1-0"]
[ICCResult "Black checkmated"]
[WhiteElo "1333"]
[BlackElo "1447"]
[Opening "Queen's pawn: London system"]
[ECO "A45"]
[NIC "QP.07"]
[Time "11:02:03"]
[PlyCount "63"]
[TimeControl "2700+10"]

1. d4 Nf6 2. Bf4 g6 3. Nc3 Bg7 4. e4 d6 5. Qd2 Nbd7 6. O-O-O O-O 7. Be2 c5
8. dxc5 Nxc5 9. e5 Nfe4 10. Nxe4 Nxe4 11. Qe3 g5 12. Qxe4 gxf4 13. Bd3 f5
14. exf6 Rxf6 15. Qxh7+ Kf8 16. Bc4 e6 17. Nf3 Bd7 18. Rxd6 Qc7 19. Rhd1
Be8 20. Qd3 Rc8 21. Bb3 Bg6 22. Qe2 Rf5 23. Qxe6 Bxb2+ 24. Kxb2 Qxc2+ 25.
Bxc2 Rb5+ 26. Ka1 Bxc2 27. Rd8+ Rxd8 28. Rxd8+ Kg7 29. Rg8+ Kh7 30. Qf7+
Kh6 31. Rh8+ Bh7 32. Rxh7# { Black checkmated } 1-0

[Event "ICC tourney 2460 (45 10)"]
[Site "Internet Chess Club"]
[Date "2021.03.20"]
[Round "1"]
[White "Pulijala, Akshaj:akshajp"]
[Black "WANG, YUANZHE:yogokings12"]
[Result "0-1"]
[ICCResult "White checkmated"]
[WhiteElo "1394"]
[BlackElo "1576"]
[Opening "Queen's pawn game"]
[ECO "D00"]
[NIC "QP.07"]
[Time "11:01:45"]
[PlyCount "124"]
[TimeControl "2700+10"]

1. d4 Nf6 2. Nc3 d5 3. Bf4 c6 4. Nf3 g6 5. e3 Bg7 6. Bd3 Bg4 7. h3 Bxf3 8.
Qxf3 O-O 9. O-O Qb6 10. Rab1 Nbd7 11. Rfd1 Rfe8 12. e4 Nxe4 13. Bxe4 dxe4
14. Nxe4 Rad8 15. c3 e5 16. Bg5 Ra8 17. Nf6+ Nxf6 18. Bxf6 Bxf6 19. Qxf6
Re6 20. Qh4 e4 21. Re1 Rae8 22. Re3 f5 23. Qf4 Kg7 24. h4 h5 25. b4 Qd8 26.
Rbe1 Qd6 27. Qxd6 Rxd6 28. f3 Rde6 29. f4 Kf6 30. Kf2 b5 31. g3 Ra8 32.
R1e2 Rd6 33. Rd2 Rad8 34. a3 Ke6 35. Ke2 Kd5 36. Kd1 Ra8 37. Kc2 Kc4 38.
Rd1 a5 39. Rb1 Kd5 40. Kb3 axb4 41. axb4 Rdd8 42. Rb2 Rd7 43. Kc2 Rda7 44.
Kb3 Ra3+ 45. Kc2 Kc4 46. Kc1 Rxc3+ 47. Rxc3+ Kxc3 48. Rc2+ Kxd4 49. Rxc6
Ke3 50. Rxg6 Kf2 51. Re6 Rd8 52. Kc2 e3 53. Rxe3 Kxe3 54. Kc3 Kf3 55. Kb3
Kxg3 56. Kc3 Kxf4 57. Kc2 Ke3 58. Kc3 f4 59. Kb2 f3 60. Ka1 Rd2 61. Kb1 f2
62. Ka1 f1=R# { White checkmated } 0-1

[Event "ICC tourney 2460 (45 10)"]
[Site "Internet Chess Club"]
[Date "2021.03.20"]
[Round "1"]
[White "SULTAN, BASHIR Cisse:muzikmixer"]
[Black "SU, THEODORE:Theodorees"]
[Result "0-1"]
[ICCResult "White resigns"]
[WhiteElo "1577"]
[BlackElo "1406"]
[Opening "English: four knights, 4.e3"]
[ECO "A28"]
[NIC "EO.05"]
[Time "11:01:48"]
[PlyCount "160"]
[TimeControl "2700+10"]

1. c4 e5 2. Nc3 Nf6 3. Nf3 Nc6 4. e3 Bb4 5. Qc2 O-O 6. Bd3 Re8 7. Nd5 h6 8.
a3 Bf8 9. h4 d6 10. Ng5 Be6 11. Bh7+ Kh8 12. Bg8 Bxd5 13. cxd5 Nd4 14. exd4
exd4+ 15. Kf1 Kxg8 16. Qd3 Qe7 17. Nf3 Ng4 18. b4 Qe4 19. Qxe4 Rxe4 20. d3
Ree8 21. Bb2 Ne5 22. Ne1 g6 23. Bxd4 Bg7 24. Rd1 Ng4 25. Bxg7 Kxg7 26. Nf3
Nf6 27. g3 Nxd5 28. Rc1 Re7 29. Nd4 a5 30. b5 a4 31. Kg2 Kf6 32. Rc4 Nb6
33. Rc2 Ra5 34. Rhc1 Nd5 35. Rb2 Ra8 36. Ne2 Rae8 37. Nc3 Nxc3 38. Rxc3 Ke5
39. Rb4 Ra8 40. Rcc4 Kd5 41. Rxa4 Rxa4 42. Rxa4 Kc5 43. Rb4 Re2 44. Kf3 Re1
45. d4+ Kb6 46. Rb3 f5 47. Re3 Rxe3+ 48. fxe3 Kxb5 49. Kf4 Ka4 50. h5 g5+
51. Kxf5 Kxa3 52. e4 b5 53. e5 b4 54. e6 b3 55. e7 b2 56. e8=Q b1=Q+ 57.
Kf6 Qd3 58. Qa8+ Kb3 59. Qd5+ Kc3 60. Qa5+ Kxd4 61. Qxc7 Qxg3 62. Qb6+ Ke4
63. Kg6 Qe5 64. Qb1+ Kf4 65. Qf1+ Ke4 66. Qe1+ Kd5 67. Qd2+ Qd4 68. Qxd4+
Kxd4 69. Kxh6 g4 70. Kg7 g3 71. h6 g2 72. h7 g1=Q+ 73. Kh8 Qh2 74. Kg7
Qxh7+ 75. Kxh7 Ke4 76. Kh6 d5 77. Kh5 d4 78. Kh4 d3 79. Kh3 d2 80. Kg2 d1=Q
{ White resigns } 0-1

[Event "ICC tourney 2460 (45 10)"]
[Site "Internet Chess Club"]
[Date "2021.03.20"]
[Round "1"]
[White "SKARIAH, ANUSHKA ELIZABETH:kskariah"]
[Black "KHANNA, KRISH:kkhanna"]
[Result "0-1"]
[ICCResult "White checkmated"]
[WhiteElo "1375"]
[BlackElo "1465"]
[Opening "Robatsch (modern) defense"]
[ECO "B07"]
[NIC "VO.17"]
[Time "11:07:04"]
[PlyCount "150"]
[TimeControl "2700+10"]

1. e4 d6 2. d4 g6 3. Nc3 Bg7 4. f3 Nf6 5. Be3 O-O 6. Nge2 Nc6 7. Ng3 e5 8.
d5 Ne7 9. Bc4 a6 10. Bb3 Ne8 11. O-O f5 12. f4 Kh8 13. fxe5 Bxe5 14. Bd4
Bg7 15. Nge2 Nf6 16. e5 dxe5 17. Bxe5 Neg8 18. Qd4 Qe7 19. d6 cxd6 20. Bxd6
Ne8 21. Bxe7 Bxd4+ 22. Nxd4 Nxe7 23. Rfe1 Nc6 24. Nxc6 bxc6 25. Re7 Nf6 26.
Rae1 Bd7 27. Be6 Rad8 28. Bxd7 Rxd7 29. Rxd7 Nxd7 30. Re6 Rc8 31. Ne2 Nc5
32. Re3 Ne4 33. Ra3 Rb8 34. b3 Rb6 35. c4 c5 36. Ra5 Rd6 37. h3 Kg7 38. Nf4
Kf7 39. Nd5 Rc6 40. Kf1 Ke6 41. Ke2 Ke5 42. Ke3 g5 43. Nb4 f4+ 44. Kf3 Rd6
45. Rxa6 cxb4 46. Rxd6 Nxd6 47. Kg4 Kf6 48. c5 Nb5 49. c6 Kg6 50. Kf3 Nd4+
51. Ke4 Nxc6 52. Kd5 Nb8 53. Kc5 h5 54. Kxb4 Kf5 55. a4 g4 56. Kc3 g3 57.
a5 f3 58. gxf3 g2 59. a6 Nxa6 60. b4 Nxb4 61. Kxb4 g1=Q 62. Kb5 Qf1+ 63.
Kc5 Qxf3 64. Kb6 Qxh3 65. Kc7 Qd3 66. Kc6 Qd4 67. Kb5 Qc3 68. Kb6 Qc4 69.
Kb7 h4 70. Kb6 h3 71. Kb7 h2 72. Kb6 h1=Q 73. Ka7 Qa1+ 74. Kb6 Qb2+ 75. Ka5
Qca2# { White checkmated } 0-1

[Event "ICC tourney 2460 (45 10)"]
[Site "Internet Chess Club"]
[Date "2021.03.20"]
[Round "2"]
[White "KHANNA, KRISH:kkhanna"]
[Black "ZHU, FLORINA:Florina12345"]
[Result "1/2-1/2"]
[ICCResult "Game drawn by repetition"]
[WhiteElo "1465"]
[BlackElo "1381"]
[Opening "King's Indian: fianchetto, Uhlmann (Szabo) variation"]
[ECO "E62"]
[NIC "KI.72"]
[Time "13:32:18"]
[PlyCount "85"]
[TimeControl "2700+10"]

1. d4 Nf6 2. Nf3 g6 3. g3 Bg7 4. Bg2 O-O 5. O-O d6 6. c4 Nc6 7. Nc3 e5 8.
dxe5 dxe5 9. Bg5 Be6 10. Nd5 Bxd5 11. cxd5 Qxd5 12. Qc1 e4 13. Bxf6 Bxf6
14. Nd2 Bg5 15. Nxe4 Bxc1 16. Nf6+ Kg7 17. Nxd5 Bxb2 18. Rab1 Be5 19. Rxb7
Rab8 20. Rxb8 Rxb8 21. e3 Rb2 22. a3 Ra2 23. Rc1 Nd8 24. Nxc7 Bxc7 25. Rxc7
Rxa3 26. Bf1 a5 27. Bc4 Rc3 28. Rd7 Rxc4 29. Rxd8 Rc6 30. Ra8 Rc1+ 31. Kg2
Ra1 32. Kf3 a4 33. Ra7 a3 34. e4 Kf6 35. Ra6+ Ke5 36. Ke3 Re1+ 37. Kf3 Ra1
38. Ke3 Re1+ 39. Kd3 Rd1+ 40. Ke3 Re1+ 41. Kd3 Rd1+ 42. Ke3 Re1+ 43. Kd3 {
Game drawn by repetition } 1/2-1/2

[Event "ICC tourney 2460 (45 10)"]
[Site "Internet Chess Club"]
[Date "2021.03.20"]
[Round "2"]
[White "WANG, YUANZHE:yogokings12"]
[Black "GONG, JONATHAN YICHENG:Theutltl"]
[Result "1-0"]
[ICCResult "Black resigns"]
[WhiteElo "1576"]
[BlackElo "1463"]
[Opening "Sicilian: Najdorf, 7...Be7 main line"]
[ECO "B99"]
[NIC "SI.09"]
[Time "13:32:24"]
[PlyCount "39"]
[TimeControl "2700+10"]

1. e4 c5 2. Nf3 d6 3. d4 cxd4 4. Nxd4 Nf6 5. Nc3 a6 6. Bg5 e6 7. f4 Be7 8.
Qf3 Qc7 9. O-O-O Nbd7 10. g4 b5 11. Bxf6 Bxf6 12. Bxb5 Bxd4 13. Bxd7+ Bxd7
14. Rxd4 Rb8 15. Rhd1 Rb6 16. Qd3 Ke7 17. e5 d5 18. Rxd5 Rb7 19. Qxa6 Bc6
20. Qa3+ { Black resigns } 1-0

[Event "ICC tourney 2460 (45 10)"]
[Site "Internet Chess Club"]
[Date "2021.03.20"]
[Round "2"]
[White "Xiao, Michael:michaelxiao"]
[Black "NIBBER, SUMAIR:SumiN"]
[Result "0-1"]
[ICCResult "White resigns"]
[WhiteElo "1332"]
[BlackElo "1451"]
[Opening "Giuoco Piano"]
[ECO "C54"]
[NIC "IG.02"]
[Time "13:32:45"]
[PlyCount "68"]
[TimeControl "2700+10"]

1. e4 e5 2. Nf3 Nc6 3. Bc4 Bc5 4. c3 Nf6 5. d3 d6 6. Bg5 h6 7. Bh4 g5 8.
Bg3 Nh5 9. d4 exd4 10. cxd4 Bb6 11. Nc3 Nxg3 12. hxg3 g4 13. Nd2 Nxd4 14.
Nb3 Nxb3 15. Bxb3 Bd7 16. Qd5 Qf6 17. O-O-O O-O-O 18. Rd2 Rhe8 19. Ba4 Bxa4
20. Nxa4 Re5 21. Nxb6+ axb6 22. Qd3 Qg6 23. Re2 d5 24. Qa3 c6 25. Qb4 Rde8
26. Qxb6 Rxe4 27. Rc2 Re2 28. Rxe2 Rxe2 29. Qc5 Qg5+ 30. Kb1 Qd2 31. Qf8+
Kc7 32. Qxf7+ Kb6 33. Qf6 d4 34. Qd8+ Ka7 { White resigns } 0-1

[Event "ICC tourney 2460 (45 10)"]
[Site "Internet Chess Club"]
[Date "2021.03.20"]
[Round "2"]
[White "Xiao, Marina:marinaxiao"]
[Black "LAW, HANS CHI:hanslaw"]
[Result "1-0"]
[ICCResult "Black checkmated"]
[WhiteElo "1484"]
[BlackElo "1333"]
[Opening "French: advance, Euwe variation"]
[ECO "C02"]
[NIC "FR.03"]
[Time "13:32:21"]
[PlyCount "81"]
[TimeControl "2700+10"]

1. e4 e6 2. d4 d5 3. e5 c5 4. c3 Nc6 5. Nf3 Bd7 6. a3 f6 7. exf6 Nxf6 8. b4
cxd4 9. cxd4 Bd6 10. Nc3 O-O 11. Bb2 Rc8 12. Be2 Be8 13. O-O Qc7 14. Rc1 a6
15. h3 h6 16. Re1 Bg6 17. Bd3 Bh7 18. Bxh7+ Nxh7 19. Rxe6 Rce8 20. Rxe8
Rxe8 21. Nxd5 Qf7 22. Nc3 Qg6 23. b5 axb5 24. Nxb5 Bb8 25. d5 Ne5 26. Nxe5
Bxe5 27. Bxe5 Rxe5 28. Qb3 Qg5 29. d6+ Kf8 30. Rc8+ Re8 31. d7 Rd8 32. Nd6
Ke7 33. Nf7 Qd2 34. Nxd8 Qxd7 35. Qf7+ Kd6 36. Nxb7+ Ke5 37. Qxd7 Nf6 38.
Rc5+ Nd5 39. Qxd5+ Kf6 40. Qf5+ Ke7 41. Re5# { Black checkmated } 1-0

[Event "ICC tourney 2460 (45 10)"]
[Site "Internet Chess Club"]
[Date "2021.03.20"]
[Round "2"]
[White "Sheppard, Henry Saadi:henrysaadi"]
[Black "SULTAN, BASHIR Cisse:muzikmixer"]
[Result "1-0"]
[ICCResult "Black resigns"]
[WhiteElo "1388"]
[BlackElo "1577"]
[Opening "Old Indian defense"]
[ECO "A42"]
[NIC "OI.07"]
[Time "13:32:29"]
[PlyCount "99"]
[TimeControl "2700+10"]

1. d4 d6 2. c4 e5 3. dxe5 dxe5 4. Qxd8+ Kxd8 5. Nc3 Be6 6. e3 c6 7. Bd3 Nd7
8. Nf3 f6 9. O-O a5 10. b3 Nh6 11. Bb2 Nc5 12. Bc2 Kc7 13. Rad1 Nf7 14. Ne4
Nxe4 15. Bxe4 a4 16. Ra1 axb3 17. axb3 Bb4 18. Rfd1 Rxa1 19. Rxa1 g5 20. h3
h5 21. Ra4 c5 22. Ra7 Nd6 23. Bc2 g4 24. hxg4 hxg4 25. Nh2 Be1 26. Nf1 Bf5
27. Bxf5 Nxf5 28. Ra1 Bb4 29. f4 exf4 30. exf4 Nd4 31. Bxd4 cxd4 32. Rd1
Ra8 33. Ng3 Ra3 34. Rd3 Ra1+ 35. Kh2 Be1 36. Nh5 Rb1 37. Nxf6 g3+ 38. Kh3
Bf2 39. Nh5 Rc1 40. Nxg3 Rc3 41. Rxc3 dxc3 42. Ne2 c2 43. Kg4 Be3 44. f5
c1=Q 45. Nxc1 Bxc1 46. f6 Kd7 47. Kf5 Kc6 48. g4 Kc5 49. g5 Kd4 50. g6 {
Black resigns } 1-0

[Event "ICC tourney 2460 (45 10)"]
[Site "Internet Chess Club"]
[Date "2021.03.20"]
[Round "2"]
[White "Pulijala, Akshaj:akshajp"]
[Black "KRYLOV, RATISLAV:RatislavK"]
[Result "1/2-1/2"]
[ICCResult "Game drawn because neither player has mating material"]
[WhiteElo "1394"]
[BlackElo "1482"]
[Opening "Queen's pawn: Chigorin variation"]
[ECO "D00"]
[NIC "QP.08"]
[Time "13:32:22"]
[PlyCount "137"]
[TimeControl "2700+10"]

1. d4 d5 2. Nc3 Nf6 3. Bf4 c5 4. e3 a6 5. Nf3 Nc6 6. Be2 cxd4 7. exd4 Qb6
8. Rb1 Bg4 9. Be3 e6 10. O-O Bd6 11. Qd2 O-O 12. a3 Rac8 13. b4 Qc7 14. h3
Bh5 15. b5 Na5 16. Na2 Ne4 17. Qc1 Qxc2 18. Rb2 Qxc1 19. Bxc1 Bxa3 20. Rb1
Bd6 21. bxa6 bxa6 22. Bxa6 Ra8 23. Be2 Nc6 24. Rb2 Rfb8 25. Bb5 Bxf3 26.
gxf3 Nxd4 27. fxe4 Rxb5 28. Rxb5 Nxb5 29. exd5 exd5 30. Rd1 Rxa2 31. Rxd5
Ra1 32. Rd1 h6 33. Kg2 Ba3 34. Rd8+ Kh7 35. Be3 Nc7 36. Rd7 Ne6 37. Rxf7
Bb2 38. Re7 Ra6 39. Rb7 Bf6 40. Rb4 Rc6 41. Ra4 Nc5 42. Rc4 Be7 43. Kf3 Nd3
44. Re4 Bc5 45. Bxc5 Rf6+ 46. Ke3 Nxc5 47. Rc4 Ne6 48. Rc6 Ng5 49. Rxf6
gxf6 50. h4 Ne6 51. f4 Kg6 52. Ke4 Kh5 53. Kf5 Nd4+ 54. Kxf6 Kxh4 55. Kg6
h5 56. f5 Nxf5 57. Kxf5 Kg3 58. Kg5 h4 59. Kh5 h3 60. Kh6 h2 61. Kh7 h1=Q+
62. Kg8 Qf3 63. Kh7 Qg4 64. Kh8 Kf4 65. Kh7 Qg5 66. Kh8 Kf5 67. Kh7 Kf6 68.
Kh8 Qg8+ 69. Kxg8 { Game drawn because neither player has mating material }
1/2-1/2

[Event "ICC tourney 2460 (45 10)"]
[Site "Internet Chess Club"]
[Date "2021.03.20"]
[Round "2"]
[White "SKARIAH, ANUSHKA ELIZABETH:kskariah"]
[Black "ZHOU, GREG:joeandjoe28"]
[Result "1-0"]
[ICCResult "Black checkmated"]
[WhiteElo "1375"]
[BlackElo "1422"]
[Opening "KGA: Kieseritsky, long whip (Stockwhip, classical) defense"]
[ECO "C39"]
[NIC "KG.01"]
[Time "13:32:26"]
[PlyCount "81"]
[TimeControl "2700+10"]

1. e4 e5 2. f4 exf4 3. Nf3 g5 4. h4 g4 5. Ne5 h5 6. d4 Be7 7. Bxf4 Bxh4+ 8.
g3 Bg5 9. Bxg5 Qxg5 10. Nxg4 d6 11. Be2 Bxg4 12. Bxg4 Nf6 13. Bf3 Qe3+ 14.
Qe2 Qxd4 15. Nc3 Qe5 16. Qf2 d5 17. O-O-O Qg5+ 18. Kb1 dxe4 19. Nxe4 Nxe4
20. Bxe4 c6 21. Bf5 Na6 22. Rhe1+ Kf8 23. Be6 Rh7 24. Rd7 Qg7 25. Rxf7+
Qxf7 26. Bxf7 Rxf7 27. Qd4 Kg8 28. Qe5 Raf8 29. Qg5+ Rg7 30. Qxh5 Rxg3 31.
Rh1 Rf6 32. Qh7+ Kf8 33. Rd1 Rd6 34. Rf1+ Ke8 35. Re1+ Kf8 36. Qf5+ Kg8 37.
Re8+ Kg7 38. Qf8+ Kg6 39. Qxd6+ Kf7 40. Re7+ Kf8 41. Qd8# { Black
checkmated } 1-0

[Event "ICC tourney 2460 (45 10)"]
[Site "Internet Chess Club"]
[Date "2021.03.20"]
[Round "2"]
[White "SPERBER, JACOB:jacobsperber"]
[Black "Xia, Joshua:MathMonkey"]
[Result "1-0"]
[ICCResult "Black checkmated"]
[WhiteElo "1447"]
[BlackElo "1383"]
[Opening "Neo-Grünfeld defense"]
[ECO "D70"]
[NIC "KI.80"]
[Time "13:32:17"]
[PlyCount "59"]
[TimeControl "2700+10"]

1. d4 Nf6 2. c4 g6 3. f3 d5 4. cxd5 Nxd5 5. e4 Nb6 6. Be3 Bg7 7. Qd2 O-O 8.
Nc3 Nc6 9. O-O-O a5 10. h4 Bd7 11. h5 Na7 12. Bh6 e6 13. hxg6 hxg6 14. e5
g5 15. Bxg5 f6 16. Bh6 Rf7 17. Bd3 f5 18. g4 Qf8 19. gxf5 exf5 20. d5 Be8
21. Nge2 Rd8 22. Bxg7 Rxg7 23. Qh6 Bg6 24. Rdg1 Kf7 25. Nf4 Qg8 26. Ne6
Nxd5 27. Nxd8+ Qxd8 28. Bc4 c6 29. e6+ Kg8 30. Qh8# { Black checkmated }
1-0

[Event "ICC tourney 2460 (45 10)"]
[Site "Internet Chess Club"]
[Date "2021.03.20"]
[Round "2"]
[White "SU, THEODORE:Theodorees"]
[Black "VIDENA, DANIEL TUAPEN:Davide25"]
[Result "0-1"]
[ICCResult "White resigns"]
[WhiteElo "1406"]
[BlackElo "1544"]
[Opening "Caro-Kann: Panov-Botvinnik attack, 5...e6"]
[ECO "B14"]
[NIC "CK.03"]
[Time "13:32:29"]
[PlyCount "68"]
[TimeControl "2700+10"]

1. e4 c6 2. d4 d5 3. exd5 cxd5 4. c4 Nf6 5. Nc3 e6 6. Nf3 Be7 7. Bd3 O-O 8.
O-O Nc6 9. cxd5 exd5 10. h3 h6 11. Bc2 Be6 12. Ne5 Qb6 13. Na4 Qc7 14. Re1
Rac8 15. Nc3 a6 16. a3 Bd6 17. Ng4 Nxg4 18. hxg4 Qd7 19. Qd3 f5 20. Re2 b5
21. b4 Bxb4 22. axb4 Nxb4 23. Qd2 Nxc2 24. Qxc2 b4 25. Rxa6 Rxc3 26. Qb2
Rc6 27. Rxc6 Qxc6 28. Bd2 Rb8 29. gxf5 Bxf5 30. Bxb4 Qc4 31. Re5 Rxb4 32.
Qa3 Qxd4 33. Qa8+ Kh7 34. Re1 Rb2 { White resigns } 0-1

[Event "ICC tourney 2460 (45 10)"]
[Site "Internet Chess Club"]
[Date "2021.03.20"]
[Round "3"]
[White "VIDENA, DANIEL TUAPEN:Davide25"]
[Black "WANG, YUANZHE:yogokings12"]
[Result "0-1"]
[ICCResult "White resigns"]
[WhiteElo "1544"]
[BlackElo "1576"]
[Opening "Grünfeld: 5.e3"]
[ECO "D94"]
[NIC "GI.09"]
[Time "16:01:32"]
[PlyCount "66"]
[TimeControl "2700+10"]

1. d4 Nf6 2. c4 g6 3. Nc3 d5 4. e3 Bg7 5. Nf3 O-O 6. Be2 c5 7. dxc5 Qa5 8.
Bd2 Qxc5 9. cxd5 Nxd5 10. Rc1 Nxc3 11. Bxc3 Bxc3+ 12. Rxc3 Qb4 13. Qc1 Nc6
14. O-O Be6 15. a3 Qb6 16. Rd1 Rfd8 17. b4 Rxd1+ 18. Qxd1 Rd8 19. Qb1 a6
20. h3 f6 21. Bc4 Bxc4 22. Rxc4 Qb5 23. Qb3 Na5 24. Nd4 Qxc4 25. Qb2 Nc6
26. Nf3 Qd5 27. a4 Ne5 28. Nd4 Nc4 29. Qb3 e5 30. Nc2 Nd2 31. Qb2 Qb3 32.
Qc1 Qb1 33. Qxb1 Nxb1 { White resigns } 0-1

[Event "ICC tourney 2460 (45 10)"]
[Site "Internet Chess Club"]
[Date "2021.03.20"]
[Round "3"]
[White "ZHU, FLORINA:Florina12345"]
[Black "SPERBER, JACOB:jacobsperber"]
[Result "0-1"]
[ICCResult "White resigns"]
[WhiteElo "1381"]
[BlackElo "1447"]
[Opening "Sicilian: Najdorf, 7...Be7"]
[ECO "B98"]
[NIC "SI.09"]
[Time "16:01:36"]
[PlyCount "64"]
[TimeControl "2700+10"]

1. e4 c5 2. Nf3 d6 3. d4 cxd4 4. Nxd4 Nf6 5. Nc3 a6 6. Bg5 e6 7. f4 Be7 8.
Qf3 O-O 9. O-O-O Qc7 10. g4 b5 11. a3 Bb7 12. f5 e5 13. Nde2 Nbd7 14. h4
Rac8 15. Rg1 Bxe4 16. Qf2 d5 17. Bxf6 Nxf6 18. g5 Bc5 19. Qg3 Nh5 20. Qg4
Bxg1 21. Nxg1 Nf4 22. f6 d4 23. h5 dxc3 24. b4 Rfd8 25. fxg7 Rxd1+ 26. Qxd1
Kxg7 27. Bd3 Rd8 28. h6+ Kf8 29. Ne2 Nxd3+ 30. cxd3 Rxd3 31. Qe1 c2 32. Kb2
Rd1 { White resigns } 0-1

[Event "ICC tourney 2460 (45 10)"]
[Site "Internet Chess Club"]
[Date "2021.03.20"]
[Round "3"]
[White "LAW, HANS CHI:hanslaw"]
[Black "Sheppard, Henry Saadi:henrysaadi"]
[Result "1/2-1/2"]
[ICCResult "Game drawn by mutual agreement"]
[WhiteElo "1333"]
[BlackElo "1388"]
[Opening "Queen's pawn, Mason variation"]
[ECO "D00"]
[NIC "QP.08"]
[Time "16:01:28"]
[PlyCount "78"]
[TimeControl "2700+10"]

1. d4 d5 2. Bf4 e6 3. e3 Nf6 4. c3 Bd6 5. Bg3 O-O 6. Bd3 c5 7. Nf3 Ne4 8.
Nbd2 f5 9. Ne5 Nc6 10. f3 Nxg3 11. hxg3 Nxe5 12. dxe5 Bxe5 13. f4 Bf6 14.
g4 Qe8 15. Qf3 Qf7 16. gxf5 exf5 17. g4 Be7 18. O-O-O Be6 19. Rh2 h6 20.
gxf5 Bxf5 21. Bxf5 Qxf5 22. Rh5 Qe6 23. Rxd5 b6 24. a3 Bf6 25. Rg1 Rae8 26.
Nf1 Rd8 27. Rd2 Rxd2 28. Nxd2 Re8 29. Nf1 Rd8 30. Qh1 Kh7 31. Qh5 Be7 32.
Qe2 Qd5 33. Qc2+ Qd3 34. Rg2 Qxc2+ 35. Kxc2 c4 36. a4 Bc5 37. Rg3 Rd3 38.
b4 Bd6 39. Rf3 a6 { Game drawn by mutual agreement } 1/2-1/2